| TOP OF THE 1ST |
|
Burlington Bees batting - Pitching for Clinton Pilots : LHP Michael Weiermiller
|
|
Pitching: LHP Michael Weiermiller
|
|
|
Batting: LHB Herm Winningham
|
0-0: Called Strike 0-1: Foul Ball, location: 2F 0-2: DOUBLE (Groundball, 3L, EV 105.6 MPH)
|
|
Batting: LHB Frank Hardy
|
0-0: Called Strike 0-1: Ground out 6-3 (Groundball, 6, EV 83.1 MPH) Herm Winningham to third
|
|
Batting: RHB Javier Ortiz
|
0-0: Called Strike 0-1: Ball 1-1: Fly out, F8 (Line Drive, 8RM, EV 94.4 MPH)
|
|
Batting: RHB Steve Buechele
|
0-0: Fly out, F9 (Flyball, 9LM, EV 81.3 MPH)
|
| Top of the 1st over - 0 runs, 1 hit, 0 errors, 1 left on base; Burlington 0 - Clinton 0 |
| BOTTOM OF THE 1ST |
|
Clinton Pilots batting - Pitching for Burlington Bees : RHP Paul Soth
|
|
Pitching: RHP Paul Soth
|
|
|
Batting: RHB Danny Chairez
|
0-0: Called Strike 0-1: Ball 1-1: Ball 2-1: Called Strike 2-2: Foul Ball, location: 2F 2-2: Ball 3-2: Base on Balls
|
|
Batting: RHB Tom Riley
|
0-0: Fly out, F3 (Popup, 3SF, EV 65.6 MPH)
|
|
Batting: SHB Alan Regier
|
0-0: Called Strike 0-1: Ball 1-1: Ball 2-1: Ball 3-1: Fly out, F8 (Line Drive, 8LD, EV 99.4 MPH)
|
|
Batting: RHB Abe Rael
|
0-0: Ball 1-0: Foul Ball, location: 2F 1-1: Fly out, F8 (Flyball, 8LM, EV 77.5 MPH)
|
| Bottom of the 1st over - 0 runs, 0 hits, 0 errors, 1 left on base; Burlington 0 - Clinton 0 |
| TOP OF THE 2ND |
|
Burlington Bees batting - Pitching for Clinton Pilots : LHP Michael Weiermiller
|
|
Batting: RHB Thomas Echstenkamper
|
0-0: Called Strike 0-1: Fly out, F3 (Popup, 3F, EV 77.5 MPH)
|
|
Batting: RHB Bob Glendening
|
0-0: Called Strike 0-1: Ball 1-1: Ground out 6-3 (Groundball, 6M, EV 78.1 MPH)
|
|
Batting: RHB Mike Quade
|
0-0: Foul Ball, location: 2F 0-1: Ball 1-1: Ball 2-1: Ball 3-1: Ground out 5-3 (Groundball, 5, EV 87.5 MPH)
|
| Top of the 2nd over - 0 runs, 0 hits, 0 errors, 0 left on base; Burlington 0 - Clinton 0 |
| BOTTOM OF THE 2ND |
|
Clinton Pilots batting - Pitching for Burlington Bees : RHP Paul Soth
|
|
Batting: RHB Joseph Rietano
|
0-0: Reached on error, E6 (Groundball, 4MD, EV 100.0 MPH)
|
|
Batting: RHB Alberto Reyes
|
0-0: Ball 1-0: Ground out 5-3 (Groundball, 56, EV 98.8 MPH)
|
|
Batting: RHB Barry Siebert
|
0-0: Called Strike 0-1: Ball 1-1: Foul Ball, location: 2F 1-2: Foul Ball, location: 2F 1-2: Ground out 4-3 (Groundball, 4, EV 87.5 MPH) Joseph Rietano to third
|
|
Batting: LHB Epifano Martinez
|
0-0: Called Strike 0-1: Ground out 4-3 (Groundball, 4, EV 89.4 MPH)
|
| Bottom of the 2nd over - 0 runs, 0 hits, 1 error, 1 left on base; Burlington 0 - Clinton 0 |
| TOP OF THE 3RD |
|
Burlington Bees batting - Pitching for Clinton Pilots : LHP Michael Weiermiller
|
|
Batting: RHB Mike Morse
|
0-0: Called Strike 0-1: Foul Ball, location: 2F 0-2: Ball 1-2: Foul Ball, location: 2F 1-2: Strikes out looking
|
|
Batting: RHB Bob Hicks
|
0-0: Called Strike 0-1: Called Strike 0-2: Strikes out swinging
|
|
Batting: LHB Herm Winningham
|
0-0: Called Strike 0-1: Called Strike 0-2: SINGLE (Line Drive, 78S, EV 103.1 MPH)
|
|
Batting: LHB Frank Hardy
|
0-0: Ball Herm Winningham steals 2nd base 1-0: Called Strike 1-1: Fly out, F6 (Line Drive, 6, EV 63.8 MPH)
|
| Top of the 3rd over - 0 runs, 1 hit, 0 errors, 1 left on base; Burlington 0 - Clinton 0 |
| BOTTOM OF THE 3RD |
|
Clinton Pilots batting - Pitching for Burlington Bees : RHP Paul Soth
|
|
Batting: RHB Paul Bradley
|
0-0: Called Strike 0-1: Ball 1-1: Ball 2-1: SINGLE (Groundball, 6MD, EV 102.5 MPH)
|
|
Batting: RHB Danny Chairez
|
0-0: Foul Ball, location: 2F 0-1: Called Strike 0-2: Ball 1-2: Ball 2-2: Foul Ball, location: 2F 2-2: Foul Ball, location: 2F 2-2: Strikes out swinging
|
|
Batting: RHB Tom Riley
|
0-0: Called Strike 0-1: Called Strike 0-2: Fly out, F8 (Flyball, 78D, EV 100.0 MPH)
|
|
Batting: SHB Alan Regier
|
0-0: Ball 1-0: Ball 2-0: Ball 3-0: Base on Balls Paul Bradley to second
|
|
Batting: RHB Abe Rael
|
0-0: Ball 1-0: Fly out, F6 (Line Drive, 6, EV 61.9 MPH)
|
| Bottom of the 3rd over - 0 runs, 1 hit, 0 errors, 2 left on base; Burlington 0 - Clinton 0 |
| TOP OF THE 4TH |
|
Burlington Bees batting - Pitching for Clinton Pilots : LHP Michael Weiermiller
|
|
Batting: RHB Javier Ortiz
|
0-0: Ball 1-0: Fly out, F4 (Popup, 34, EV 75.0 MPH)
|
|
Batting: RHB Steve Buechele
|
0-0: Called Strike 0-1: SINGLE (Line Drive, 4MD, EV 102.5 MPH)
|
|
Batting: RHB Thomas Echstenkamper
|
0-0: Ball 1-0: Called Strike 1-1: Fly out, F7 (Flyball, 7, EV 81.9 MPH)
|
|
Batting: RHB Bob Glendening
|
0-0: Ball 1-0: Called Strike 1-1: Foul Ball, location: 2F 1-2: Strikes out swinging
|
| Top of the 4th over - 0 runs, 1 hit, 0 errors, 1 left on base; Burlington 0 - Clinton 0 |
| BOTTOM OF THE 4TH |
|
Clinton Pilots batting - Pitching for Burlington Bees : RHP Paul Soth
|
|
Batting: RHB Joseph Rietano
|
0-0: Ball 1-0: Foul Ball, location: 2F 1-1: SINGLE (Groundball, 56D, EV 105.0 MPH)
|
|
Batting: RHB Alberto Reyes
|
0-0: Swinging Strike 0-1: Fielders Choice at 2nd, 1-4 (Groundball, 15S, EV 72.5 MPH)
|
|
Batting: RHB Barry Siebert
|
0-0: Swinging Strike 0-1: Ball 1-1: Ball 2-1: Called Strike 2-2: Grounds into double play, 6-4-3 (Groundball, 6, EV 93.1 MPH)
|
| Bottom of the 4th over - 0 runs, 1 hit, 0 errors, 0 left on base; Burlington 0 - Clinton 0 |
| TOP OF THE 5TH |
|
Burlington Bees batting - Pitching for Clinton Pilots : LHP Michael Weiermiller
|
|
Batting: RHB Mike Quade
|
0-0: Ball 1-0: Ground out 6-3 (Groundball, 6, EV 85.0 MPH)
|
|
Batting: RHB Mike Morse
|
0-0: Ball 1-0: Called Strike 1-1: Called Strike 1-2: Strikes out looking
|
|
Batting: RHB Bob Hicks
|
0-0: Ball 1-0: Ball 2-0: Ball 3-0: Called Strike 3-1: Base on Balls
|
|
Batting: LHB Herm Winningham
|
0-0: Called Strike 0-1: Ball 1-1: Ground out 1-3 (Groundball, 34S, EV 70.6 MPH)
|
| Top of the 5th over - 0 runs, 0 hits, 0 errors, 1 left on base; Burlington 0 - Clinton 0 |
| BOTTOM OF THE 5TH |
|
Clinton Pilots batting - Pitching for Burlington Bees : RHP Paul Soth
|
|
Batting: LHB Epifano Martinez
|
0-0: TRIPLE (Flyball, 78XD, EV 100.0 MPH)
|
|
Batting: RHB Paul Bradley
|
0-0: Ball 1-0: Swinging Strike 1-1: Ball 2-1: Ball 3-1: Called Strike 3-2: Strikes out swinging
|
|
Batting: RHB Danny Chairez
|
0-0: Ball 1-0: Ball 2-0: Ball 3-0: Base on Balls
|
|
Batting: RHB Tom Riley
|
0-0: SINGLE (Line Drive, 5D, EV 103.1 MPH) Epifano Martinez scores Danny Chairez to second
|
|
Batting: SHB Alan Regier
|
0-0: Ball 1-0: Ball 2-0: Called Strike 2-1: Called Strike 2-2: Ball 3-2: Grounds into double play, 4-6-3 (Groundball, 4, EV 85.6 MPH)
|
| Bottom of the 5th over - 1 run, 2 hits, 0 errors, 1 left on base; Burlington 0 - Clinton 1 |
| TOP OF THE 6TH |
|
Burlington Bees batting - Pitching for Clinton Pilots : LHP Michael Weiermiller
|
|
Batting: LHB Frank Hardy
|
0-0: Ball 1-0: Foul Ball, location: 2F 1-1: Ball 2-1: Ball 3-1: Fly out, F5 (Popup, 5D, EV 43.1 MPH)
|
|
Batting: RHB Javier Ortiz
|
0-0: Ball 1-0: Ball 2-0: Called Strike 2-1: SINGLE (Flyball, 4D, EV 82.5 MPH)
|
|
Batting: RHB Steve Buechele
|
0-0: Ball 1-0: Ball Wild Pitch! Javier Ortiz to second 2-0: Fly out, F9 (Flyball, 89D, EV 99.4 MPH) Runner from 2nd tags up, SAFE at 3rd, no throw by RF
|
|
Batting: RHB Thomas Echstenkamper
|
0-0: Foul Ball, location: 2F 0-1: Ball 1-1: Ball 2-1: Foul Ball, location: 2F 2-2: Ball 3-2: Ground out 4-3 (Groundball, 4, EV 85.6 MPH)
|
| Top of the 6th over - 0 runs, 1 hit, 0 errors, 1 left on base; Burlington 0 - Clinton 1 |
| BOTTOM OF THE 6TH |
|
Clinton Pilots batting - Pitching for Burlington Bees : RHP Paul Soth
|
|
Batting: RHB Abe Rael
|
0-0: SINGLE (Line Drive, 4M, EV 103.8 MPH)
|
|
Batting: RHB Joseph Rietano
|
0-0: Called Strike 0-1: Foul Ball, location: 2F 0-2: Ball 1-2: Ball 2-2: Foul Ball, location: 2F 2-2: Strikes out looking
|
|
Batting: RHB Alberto Reyes
|
0-0: Fly out, F9 (Line Drive, 9, EV 96.9 MPH)
|
|
Batting: RHB Barry Siebert
|
0-0: Called Strike 0-1: Ball 1-1: Foul Ball, location: 2F 1-2: Ball 2-2: Ground out 3-1 (Groundball, 13, EV 78.8 MPH)
|
| Bottom of the 6th over - 0 runs, 1 hit, 0 errors, 1 left on base; Burlington 0 - Clinton 1 |
| TOP OF THE 7TH |
|
Burlington Bees batting - Pitching for Clinton Pilots : LHP Michael Weiermiller
|
|
Batting: RHB Bob Glendening
|
0-0: Ball 1-0: Ground out 6-3 (Groundball, 6, EV 88.8 MPH)
|
|
Batting: RHB Mike Quade
|
0-0: Ball 1-0: Ball 2-0: Ball 3-0: Called Strike 3-1: Swinging Strike 3-2: Base on Balls
|
|
Batting: RHB Mike Morse
|
0-0: Ball 1-0: Called Strike 1-1: Ball 2-1: Foul Ball, location: 2F 2-2: Grounds into double play, 6-4-3 (Groundball, 6, EV 81.9 MPH)
|
| Top of the 7th over - 0 runs, 0 hits, 0 errors, 0 left on base; Burlington 0 - Clinton 1 |
| BOTTOM OF THE 7TH |
|
Clinton Pilots batting - Pitching for Burlington Bees : RHP Paul Soth
|
|
Batting: LHB Epifano Martinez
|
0-0: Called Strike 0-1: Swinging Strike 0-2: Strikes out looking and he ARGUES THE CALL AND IS TOSSED!
|
|
Batting: RHB Paul Bradley
|
0-0: Called Strike 0-1: Foul Ball, location: 2F 0-2: Ball 1-2: Strikes out swinging
|
|
Batting: RHB Danny Chairez
|
0-0: Called Strike 0-1: Called Strike 0-2: Ball 1-2: Fly out, F7 (Flyball, 78S, EV 93.1 MPH)
|
| Bottom of the 7th over - 0 runs, 0 hits, 0 errors, 0 left on base; Burlington 0 - Clinton 1 |
| TOP OF THE 8TH |
|
Burlington Bees batting - Pitching for Clinton Pilots : LHP Michael Weiermiller
|
|
Now in LF: Ferdinand Rivera
|
|
|
Batting: RHB Bob Hicks
|
0-0: Ball 1-0: Ball 2-0: Ball 3-0: Called Strike 3-1: Ground out 4-3 (Groundball, 4, EV 110.6 MPH)
|
|
Batting: LHB Herm Winningham
|
0-0: Foul Ball, location: 2F 0-1: Foul Ball, location: 2F 0-2: Ball 1-2: Foul Ball, location: 2F 1-2: Ball 2-2: Foul Ball, location: 2F 2-2: Ground out 6-3 (Groundball, 6, EV 84.4 MPH)
|
|
Batting: LHB Frank Hardy
|
0-0: Called Strike 0-1: Ground out 6-3 (Groundball, 6M, EV 80.0 MPH)
|
| Top of the 8th over - 0 runs, 0 hits, 0 errors, 0 left on base; Burlington 0 - Clinton 1 |
| BOTTOM OF THE 8TH |
|
Clinton Pilots batting - Pitching for Burlington Bees : RHP Paul Soth
|
|
Batting: RHB Tom Riley
|
0-0: Ground out 5-3 (Groundball, 56, EV 85.6 MPH)
|
|
Batting: SHB Alan Regier
|
0-0: Foul Ball, location: 2F 0-1: Foul Ball, location: 2F 0-2: Ground out 3-1 (Groundball, 34, EV 83.1 MPH)
|
|
Batting: RHB Abe Rael
|
0-0: Fly out, F8 (Line Drive, 8RD, EV 96.9 MPH)
|
| Bottom of the 8th over - 0 runs, 0 hits, 0 errors, 0 left on base; Burlington 0 - Clinton 1 |
| TOP OF THE 9TH |
|
Burlington Bees batting - Pitching for Clinton Pilots : LHP Michael Weiermiller
|
|
Batting: RHB Javier Ortiz
|
0-0: Called Strike 0-1: SINGLE (Groundball, 6MD, EV 95.0 MPH)
|
|
Batting: RHB Steve Buechele
|
0-0: Called Strike 0-1: Foul Ball, location: 2F 0-2: Ball 1-2: Ball 2-2: Ball 3-2: Fly out, F8 (Flyball, 8LD, EV 101.9 MPH)
|
|
Batting: RHB Thomas Echstenkamper
|
0-0: Called Strike 0-1: Ball 1-1: Grounds into double play, 4-6-3 (Groundball, 4, EV 86.9 MPH)
|
| Top of the 9th over - 0 runs, 1 hit, 0 errors, 0 left on base; Burlington 0 - Clinton 1 |
|